Map: Romanticide LE

Players

TeebuL - Winner!

  • Race: Protoss Protoss

RiSky

  • Race: Zerg Zerg
  • League: Master

Event: DreamHack SC2 Masters 2021 Summer

VOD

Have the link to the VOD?

Description

Time

  • Played on: May 19, 2021, 6:05 a.m.
  • Length: 16:34

All games in this series

Show
View Real Time Build Order
Export as new Build Order

TeebuL Protoss - Winner!

Build Orders: 1 Gate Expand 

Get SALT Encoding   

  12  0:00  Probe  
  13  0:12  Probe  
  14  0:19  Pylon  
  14  0:24  Probe  
  15  0:37  Probe (Chrono Boost)  
  15  0:41  Gateway  
  16  0:49  Probe (Chrono Boost)  
  17  0:51  Assimilator  
  17  0:54  Probe (Chrono Boost)  
  18  1:03  Probe  
  19  1:15  Probe  
  20  1:27  Nexus  
  20  1:37  Cybernetics Core  
  20  1:40  Probe  
  21  1:48  Assimilator  
  21  1:52  Probe  
  22  1:56  Pylon  
  22  2:04  Probe (Chrono Boost)  
  23  2:12  Adept (Chrono Boost)  
  25  2:17  Probe (Chrono Boost)  
  25  2:18  Stargate  
  26  2:26  Probe (Chrono Boost)  
  26  2:27  Warp Gate  
  27  2:35  Probe (Chrono Boost), Adept  
  30  2:39  Probe (Chrono Boost)  
  31  2:49  Probe (Chrono Boost)  
  31  2:50  Probe (Chrono Boost)  
  33  2:54  Probe (Chrono Boost)  
  33  2:57  Probe  
  35  3:00  Void Ray (Chrono Boost)  
  35  3:05  Probe  
  35  3:09  Probe  
  40  3:17  Probe  
  40  3:18  Gateway  
  41  3:21  Probe  
  42  3:27  Pylon  
  42  3:29  Probe  
  42  3:33  Probe  
  44  3:36  Void Ray (Chrono Boost)  
  44  3:41  Probe  
  44  3:45  Probe  
  50  3:53  Probe  
  51  3:57  Probe  
  51  4:02  Nexus  
  52  4:04  Pylon  
  52  4:06  Probe  
  53  4:10  Probe  
  53  4:12  Twilight Council  
  54  4:22  Probe x2  
  56  4:28  Gateway  
  56  4:29  Gateway  
  56  4:32  Adept x2  
  56  4:34  Probe x2  
  56  4:37  Assimilator  
  62  4:39  Assimilator  
  62  4:42  Pylon  
  62  4:43  Pylon  
  62  4:48  Resonating Glaives (Chrono Boost)  
  62  5:00  Probe x2  
  62  5:01  Adept  
  62  5:02  Adept  
  62  5:04  Shield Battery  
  68  5:12  Probe x2  
  68  5:14  Probe  
  71  5:21  Robotics Facility  
  71  5:23  Adept x3  
  71  5:24  Probe  
  71  5:25  Adept  
  71  5:27  Probe  
  71  5:28  Probe  
  82  5:36  Probe  
  82  5:38  Pylon  
  82  5:39  Probe  
  82  5:41  Probe  
  85  5:45  Adept x3  
  85  5:47  Adept  
  93  5:56  Probe  
  94  6:05  Probe x2  
  94  6:06  Blink (Chrono Boost)  
  94  6:11  Sentry x2  
  100  6:22  Warp Prism  
  98  6:29  Gateway x2  
  98  6:32  Gateway x2  
  98  6:34  Gateway, Pylon, Sentry  
  98  6:38  Gateway  
  100  6:42  Assimilator  
  100  6:44  Pylon  
  100  6:45  Pylon  
  100  6:47  Pylon  
  98  6:54  Stalker x3  
  98  6:57  Pylon  
  98  6:58  Pylon  
  104  7:05  Immortal  
  108  7:15  Stalker  
  104  7:17  Shield Battery  
  104  7:19  Shield Battery, Adept x3  
  104  7:20  Shield Battery  
  104  7:22  Robotics Bay  
  100  7:27  Stalker x4  
  90  7:38  Stalker x3  
  96  7:44  Stalker x3  
  96  7:49  Immortal  
  106  7:52  Sentry  
  106  7:54  Probe  
  109  8:00  Stalker x2  
  109  8:01  Stalker  
  109  8:07  Stalker  
  109  8:09  Zealot x3  
  117  8:15  Stalker x2  
  113  8:24  Zealot x2, Stalker x2  
  111  8:32  Stalker x2  
  111  8:33  Zealot  
  105  8:46  Stalker x2  
  105  8:47  Stalker  
  111  8:51  Probe  
  111  8:53  Probe x2  
  106  9:09  Adept x3  
  104  9:10  Adept  
  104  9:16  Stalker x4  
  110  9:24  Pylon  
  110  9:27  Forge  
  110  9:28  Assimilator  
  110  9:29  Disruptor  
  110  9:30  Pylon  
  107  9:41  Stalker x3  
  107  9:44  Adept x3  
  117  9:45  Adept  
  117  9:52  Stalker  
  121  9:58  Shield Battery  
  121  9:59  Pylon, Shield Battery  
  121  10:02  Protoss Ground Weapons Level 1 (Chrono Boost)  
  121  10:03  Pylon  
  121  10:05  Sentry  
  121  10:06  Disruptor (Chrono Boost)  
  122  10:25  Stalker x4  
  130  10:36  Sentry x2  
  130  10:37  Nexus  
  130  10:38  Pylon  
  130  10:40  Charge (Chrono Boost)  
  134  10:50  Sentry  
  134  10:54  Disruptor  
  138  11:14  Stalker x5  
  148  11:21  Photon Cannon, Stalker x2  
  152  11:30  Photon Cannon  
  152  11:32  Pylon  
  152  11:33  Shield Battery  
  152  11:38  Zealot x7  
  166  11:42  Observer  
  166  11:46  Stalker x2  
  171  11:59  Templar Archives  
  171  12:00  Zealot, Stalker x2  
  167  12:12  Photon Cannon  
  167  12:19  Stalker x5  
  165  12:27  Photon Cannon  
  161  12:35  Observer, Photon Cannon  
  162  12:38  Photon Cannon  
  162  12:44  Zealot x5  
  162  12:47  Protoss Ground Weapons Level 2 (Chrono Boost)  
  172  12:56  High Templar x3  
  172  12:57  High Templar  
  180  13:00  Archon  
  180  13:15  Zealot x6  
  184  13:30  Zealot x4  
  180  13:47  Zealot x6  
  180  13:48  Zealot x2  
  182  13:50  Disruptor  
  182  13:53  Psionic Storm  
  183  14:01  Zealot x2  
  187  14:07  Zealot x3  
  187  14:08  Zealot x4  
  185  14:21  Zealot x2  
  179  14:31  Zealot x6  
  188  14:44  High Templar x4  
  186  14:52  Immortal  
  176  14:53  High Templar x5  
  172  15:18  Archon x3  
  172  15:28  Zealot x10  
  184  15:35  Nexus  
  192  15:40  Dark Shrine  
  192  15:42  Observer (Chrono Boost)  
  193  15:47  Pylon  
  191  15:58  Disruptor (Chrono Boost)  
  174  16:07  Stalker x8  
Show
View Real Time Build Order
Export as new Build Order

RiSky Zerg 

Build Orders: Hatch First 

Get SALT Encoding   

  12  0:00  Drone  
  13  0:12  Overlord  
  13  0:16  Drone  
  14  0:30  Drone x2  
  16  0:48  Hatchery  
  15  0:51  Drone  
  15  0:56  Drone  
  17  0:58  Drone  
  18  1:10  Extractor  
  17  1:13  Spawning Pool  
  17  1:17  Drone  
  17  1:20  Drone  
  18  1:27  Drone  
  19  1:38  Drone  
  20  1:48  Overlord  
  20  1:59  Queen x2  
  20  2:00  Zergling x4  
  26  2:10  Drone x2  
  26  2:11  Metabolic Boost  
  28  2:20  Drone  
  28  2:21  Drone  
  30  2:31  Drone  
  30  2:32  Drone  
  32  2:41  Hatchery  
  31  2:46  Queen  
  33  2:51  Overlord  
  33  2:54  Drone  
  33  2:57  Drone  
  35  2:59  Drone  
  36  3:10  Spore Crawler  
  33  3:14  Drone  
  33  3:16  Drone x4  
  33  3:17  Drone  
  40  3:25  Overlord  
  40  3:26  Queen  
  40  3:27  Drone  
  41  3:32  Spore Crawler  
  41  3:33  Spore Crawler  
  41  3:36  Zergling x4  
  43  3:46  Drone x3  
  43  3:47  Drone  
  47  3:49  Drone  
  47  3:55  Drone x4  
  52  4:01  Drone x2  
  54  4:04  Queen  
  54  4:05  Overlord  
  54  4:09  Zergling x2  
  57  4:13  Zergling x2  
  58  4:18  Overlord  
  58  4:24  Overlord  
  58  4:25  Zergling x4  
  58  4:26  Lair  
  58  4:28  Drone  
  58  4:29  Drone x2  
  58  4:30  Roach Warren  
  62  4:33  Spore Crawler  
  62  4:37  Drone x2  
  63  4:39  Overlord x2  
  63  4:41  Drone  
  64  4:47  Drone  
  64  4:48  Drone x5  
  64  4:52  Extractor  
  68  4:53  Extractor  
  68  4:54  Overlord  
  67  5:05  Overlord  
  66  5:09  Queen x2  
  70  5:18  Roach x8  
  86  5:23  Queen  
  86  5:25  Extractor  
  86  5:27  Roach x2  
  91  5:29  Zergling x6  
  91  5:34  Extractor  
  95  5:35  Zergling x8  
  95  5:36  Zergling x2  
  95  5:38  Roach  
  95  5:41  Overlord  
  100  5:46  Roach x2  
  100  5:49  Queen  
  106  5:51  Glial Reconstitution  
  105  6:06  Zergling x18  
  105  6:09  Overlord  
  114  6:12  Overlord  
  114  6:14  Evolution Chamber  
  114  6:15  Overlord  
  113  6:20  Zergling x2  
  113  6:21  Overlord  
  113  6:23  Overlord  
  114  6:36  Zergling x12  
  114  6:37  Zergling x12  
  123  6:41  Zergling x2  
  125  6:47  Zergling x6  
  125  6:52  Zergling x10  
  128  6:55  Roach  
  128  7:02  Ravager x8  
  128  7:03  Overseer  
  128  7:06  Zergling x6  
  137  7:10  Roach  
  137  7:14  Roach  
  126  7:17  Roach  
  114  7:24  Roach x4  
  114  7:25  Roach x2  
  114  7:29  Roach  
  118  7:37  Roach x3  
  118  7:42  Roach x2  
  120  7:46  Roach  
  120  7:49  Ravager x5  
  129  7:58  Roach x2  
  129  7:59  Roach  
  129  8:02  Roach x2  
  129  8:05  Ravager  
  137  8:08  Queen  
  133  8:19  Roach x4  
  140  8:20  Roach x3  
  140  8:26  Roach  
  134  8:32  Roach  
  134  8:33  Roach x2  
  129  8:40  Drone  
  129  8:41  Drone  
  117  8:53  Drone x3  
  112  8:57  Roach  
  112  9:01  Roach  
  108  9:07  Roach x2  
  102  9:16  Roach x5  
  106  9:24  Drone x2  
  106  9:29  Drone x2  
  108  9:37  Drone x2  
  108  9:38  Overseer  
  107  9:40  Drone x3  
  107  9:43  Tunneling Claws, Burrow  
  110  9:49  Drone x3  
  110  9:50  Drone  
  111  9:56  Hatchery  
  110  10:02  Drone  
  110  10:06  Drone  
  110  10:07  Drone x2  
  114  10:09  Drone  
  114  10:10  Drone x6  
  114  10:14  Extractor, Ravager  
  121  10:24  Drone x2  
  121  10:25  Drone x2  
  125  10:29  Roach x4  
  125  10:30  Roach  
  125  10:32  Pneumatized Carapace, Evolution Chamber  
  125  10:33  Evolution Chamber, Overlord  
  133  10:36  Overlord  
  133  10:46  Queen  
  135  10:50  Overlord  
  135  10:52  Overlord  
  135  10:53  Drone x6  
  135  10:56  Baneling Nest  
  140  11:02  Roach x4  
  148  11:08  Roach x4  
  152  11:13  Roach x3  
  152  11:14  Roach  
  160  11:21  Drone x2  
  160  11:22  Spore Crawler  
  160  11:23  Roach  
  161  11:28  Overlord x2  
  161  11:30  Zerg Missile Weapons Level 1, Zerg Ground Armor Level 1  
  161  11:34  Drone x2  
  161  11:36  Drone, Roach x7  
  161  11:37  Drone  
  161  11:39  Overlord  
  165  11:41  Ravager x5  
  165  11:45  Roach  
  165  11:46  Roach x4  
  165  11:47  Overlord  
  179  11:52  Ravager  
  179  11:53  Ravager x3  
  179  11:54  Roach x2  
  182  11:58  Roach x2  
  182  11:59  Roach  
  180  12:04  Roach x2  
  180  12:06  Roach x7  
  176  12:18  Roach x7  
  181  12:26  Roach x25  
  181  12:28  Drone  
  181  12:29  Drone  
  178  12:30  Drone x3  
  180  12:41  Overseer  
  178  12:45  Drone  
  179  12:51  Hatchery  
  179  12:52  Drone x2  
  179  12:53  Centrifical Hooks  
  179  12:57  Zergling x2  
  179  12:58  Zergling x14  
  188  13:02  Overlord  
  188  13:14  Zergling x14  
  188  13:15  Ravager  
  188  13:16  Ravager  
  185  13:24  Zergling x8  
  181  13:27  Hatchery  
  169  13:37  Zergling x12  
  167  13:46  Roach x3  
  167  13:47  Roach  
  144  13:52  Roach x2  
  144  13:55  Ravager x11  
  159  13:59  Roach  
  159  14:00  Roach  
  159  14:01  Zerg Melee Weapons Level 1, Zerg Missile Weapons Level 2  
  163  14:07  Roach x4  
  158  14:19  Roach x4  
  162  14:25  Ravager  
  162  14:26  Ravager x8, Roach x2  
  162  14:28  Roach x4  
  159  14:42  Zergling x2  
  159  14:43  Zergling x4  
  162  14:49  Zergling x4  
  163  14:56  Hatchery  
  162  15:01  Zergling x4  
  146  15:07  Roach x6  
  146  15:11  Zergling x2  
  146  15:12  Hatchery, Zergling x2  
  140  15:17  Ravager x2  
  140  15:20  Zergling x2  
  141  15:22  Zergling x8, Spore Crawler  
  144  15:29  Zergling x2  
  144  15:32  Hatchery  
  144  15:34  Zergling x4  
  146  15:40  Zergling x2  
  147  15:45  Hatchery  
  147  15:47  Roach x2  
  150  15:51  Roach  
  150  15:55  Roach x2  
  136  16:05  Hatchery, Roach x2  
Tags
 
Add a new tag
Caveats
  • Supply blocks, unpowered buildings, or Contaminate may cause inaccurate times.
  • Supply counts are checked every 10 seconds.